 Dungeon Crawl Stone Soup version 0.31.0-11-ge490571c62 (webtiles) character file.

Game seed: 3603974988850049536

215 qw the Ducker (level 5, 0/22 (26) HPs)
             Began as a Spriggan Hunter on Feb 3, 2024.
             Slain by an orc priest
             ... wielding a +1 dagger of draining
              (2 damage)
             ... on level 4 of the Dungeon.
             The game lasted 00:00:12 (2681 turns).

qw the Ducker (Spriggan Hunter)                     Turns: 2681, Time: 00:00:12

HP:   0/22 (26)     AC:  3    Str:  7    XL:     5   Next: 60%
MP:   6/6           EV: 22    Int: 10    God:
Gold: 209           SH:  0    Dex: 24    Spells: 4/4 levels left

rFire   . . .        a - +2 shortbow
rCold   + . .        (shield currently unavailable)
rNeg    . . .        c - +0 robe
rPois   .            (helmet restricted)
rElec   +            b - +0 cloak of Card Tricks {rElec rC+ Dex+3}
rCorr   .            (gloves unavailable)
SInv    +            (boots unavailable)
Will    .....        (no amulet)
Stlth   ++           (no ring)
HPRegen 0.23/turn    (no ring)
MPRegen 0.10/turn

%: no passive effects
@: heavily drained, very quick
A: very small, no large weapons, unfitting armour, see invisible, speed 3
a: no special abilities


You were on level 4 of the Dungeon.
You visited 1 branch of the dungeon, and saw 4 of its levels.

You collected 209 gold pieces.


Innate Abilities, Weirdness & Mutations

You are very small and have problems with some larger weapons.
You are too small for most types of armour.
You have supernaturally acute eyesight. (SInv)
You cover ground extremely quickly. (Speed+++)


   Skills:
 - Level 2.0 Fighting
 + Level 5.2 Ranged Weapons
 - Level 6.1 Dodging
 - Level 1.5 Stealth


You had 4 spell levels left.
You didn't know any spells.
Your spell library was empty.

Inventory:

Hand Weapons
 a - a +2 shortbow (weapon)
Armour
 b - the +0 cloak of Card Tricks (worn) {rElec rC+ Dex+3}
   (You found it on level 3 of the Dungeon)

   Dex+3:     It affects your dexterity (+3).
   rC+:       It protects you from cold.
   rElec:     It insulates you from electricity.
 c - a +0 robe (worn)
Scrolls
 f - a scroll of poison {unknown}
Potions
 d - a potion of might
 e - a potion of enlightenment
 g - a potion of haste
 h - 2 potions of curing

Dungeon Overview and Level Annotations

Branches:
Dungeon (4/15)
 Temple: D:4-7

Altars:
Gozag
Qazlal
Ru


Message History

Things that are here:
a +0 hand axe; a +0 leather armour; an orc corpse You shoot an arrow.
The orc shouts!
The arrow hits the orc!
You kill the orc!
You hear a shout!
You now have 209 gold pieces (gained 17).
Things that are here:
a +0 club; a +0 ring mail An orc priest comes into view.
It is wielding a +1 dagger of draining.
The orc priest mumbles some strange prayers to Beogh against you.
Pain shoots through your body!
You shoot an arrow. The arrow hits the orc priest.
The orc priest is lightly wounded.
You shoot an arrow. The arrow barely misses the orc priest.
The orc priest misses you.
You shoot an arrow.
The arrow closely misses the orc priest.
The orc priest mumbles some strange prayers to Beogh against you.
Beogh smites you!
Ouch! That really hurt!
You shoot an arrow. The arrow hits the orc priest.
The orc priest is moderately wounded.
The orc priest closely misses you.
The orc priest hits you with a +1 dagger of draining.
You feel drained.
You shoot an arrow.
The arrow closely misses the orc priest.
The orc priest hits you with a +1 dagger of draining.
You feel drained.
You shoot an arrow.
The arrow hits the orc priest but does no damage.
The orc priest is moderately wounded.
The orc priest completely misses you.
You shoot an arrow.
The arrow closely misses the orc priest.
The orc priest hits you with a +1 dagger of draining.
You feel drained.
You die...

########## #.)......##
######)######..###
#...........#....#
#.####@####.#....#
#..o....#.#....#
#.##.##.#.#....#
#.#...#.#.#....#
...._........###
#.#...#.#.#..#
#.##.##.#.#..# ########
#.......#.#..#
#...#..#.####.####.####


You could see an orc priest.

Vanquished Creatures
  A jelly (D:4)
  An orc priest (D:4)
  An orc wizard (D:3)
  An adder (D:3)
  3 dart slugs (D:3)
  5 ribbon worms
  7 orcs
  10 endoplasms
  4 giant cockroaches
  10 goblins
  7 hobgoblins
  4 jackals (D:2)
  12 kobolds
  3 quokkas
  5 ball pythons
  7 bats
  4 frilled lizards
  9 rats
94 creatures vanquished.

Notes
Turn   | Place    | Note
-------+----------+-------------------------------------------
     0 | D:1      | qw the Spriggan Hunter began the quest for the Orb.
     0 | D:1      | Reached XP level 1. HP: 10/10 MP: 2/2
     0 | D:1      | 0 ||| qw: Version: 0.3-a-157-g843a77d
     0 | D:1      | 0 ||| qw: Game counter: 3780
     0 | D:1      | 0 ||| qw: Melee chars always use a shield: true
     0 | D:1      | 0 ||| qw: God list: Okawaru
     0 | D:1      | 0 ||| qw: Allow faded altars: false
     0 | D:1      | 0 ||| qw: Do Orc after clearing Dungeon:15 true
     0 | D:1      | 0 ||| qw: Do second Lair branch before Depths: true
     0 | D:1      | 0 ||| qw: Lair rune preference: random
     0 | D:1      | 0 ||| qw: Goals: Normal
     0 | D:1      | 0 ||| PLANNING D:1-11
    25 | D:1      | Reached skill level 3 in Dodging
   115 | D:1      | Reached XP level 2. HP: 14/14 MP: 3/3
   177 | D:1      | Reached skill level 4 in Dodging
   309 | D:1      | Reached XP level 3. HP: 6/18 MP: 4/4
   676 | D:1      | 676 ||| DROPPING ring of wizardry.
   677 | D:1      | 677 ||| DROPPING scroll of butterflies.
   724 | D:2      | Found an opulent altar of Gozag.
  1223 | D:2      | Reached XP level 4. HP: 22/22 MP: 5/5
  1383 | D:2      | 1383 ||| READING scroll labelled PEUVVI GIETWUS.
  1383 | D:2      | 1383 ||| IDENTIFYING fuming green potion
  1384 | D:2      | 1384 ||| READING scroll labelled RUZUARA DAEMU.
  1385 | D:2      | 1385 ||| READING scroll labelled ZIACABOPICISS.
  1385 | D:2      | 1385 ||| ENCHANTING +0 shortbow.
  1386 | D:2      | 1386 ||| DRINKING 2 emerald potions.
  1387 | D:2      | 1387 ||| DRINKING 2 glowing puce potions.
  1540 | D:3      | Reached skill level 5 in Dodging
  1542 | D:3      | 1542 ||| FLEEEEING.
  1547 | D:3      | 1547 ||| FLEEEEING.
  1548 | D:3      | 1548 ||| FLEEEEING.
  1549 | D:3      | 1549 ||| FLEEEEING.
  1550 | D:3      | 1550 ||| FLEEEEING.
  1551 | D:3      | 1551 ||| FLEEEEING.
  1552 | D:3      | 1552 ||| FLEEEEING.
  1558 | D:3      | 1558 ||| FLEEEEING.
  1559 | D:3      | 1559 ||| FLEEEEING.
  1560 | D:3      | 1560 ||| FLEEEEING.
  1561 | D:3      | 1561 ||| FLEEEEING.
  1562 | D:3      | 1562 ||| FLEEEEING.
  1563 | D:3      | 1563 ||| FLEEEEING.
  1565 | D:3      | 1565 ||| STAIRDANCE
  1592 | D:2      | 1592 ||| READING scroll of identify.
  1592 | D:2      | 1592 ||| IDENTIFYING murky amethyst potion
  1593 | D:2      | 1593 ||| DROPPING potion of lignification.
  1689 | D:3      | 1689 ||| FLEEEEING.
  1751 | D:3      | Identified the +0 cloak of Card Tricks {rElec rC+ Dex+3}
  1762 | D:3      | Found a stormy altar of Qazlal.
  2107 | D:3      | 2107 ||| READING scroll of enchant weapon.
  2107 | D:3      | 2107 ||| ENCHANTING +1 shortbow.
  2165 | D:3      | Reached XP level 5. HP: 26/26 MP: 6/6
  2308 | D:3      | 2308 ||| UPGRADING to +0 cloak of Card Tricks {rElec rC+
                  | Dex+3}.
  2313 | D:3      | 2313 ||| READING scroll labelled FYUDGH VITEAC.
  2313 | D:3      | 2313 ||| ENCHANTING +2 shortbow.
  2314 | D:3      | 2314 ||| DRINKING 2 inky potions.
  2359 | D:4      | 2359 ||| PLANNING SEWER
  2512 | D:4      | Identified the +10 mace of Profit {protect, rElec rC+++
                  | Int-3 SInv}
  2583 | D:4      | Found a sacrificial altar of Ru.
  2612 | D:4      | Reached skill level 6 in Dodging
  2679 | D:4      | HP: 6/25 [orc priest/+1 dagger of draining (1)]
  2681 | D:4      | HP: 2/24 [orc priest/+1 dagger of draining (5)]
  2681 | D:4      | Slain by an orc priest

Levels and vault maps discovered:
D:1:      dpeg_arrival_windows_large_door, layout_basic
D:2:      layout_basic, basic_altar, minmay_misc_feat_square
D:3:      layout_loops_corners, nicolae_qazlal_general_emergency,
          minmay_surrounded
D:4:      layout_gridville, nicolae_ru_sacrificial_ziggurat,
          nzn_wu_jian_contemplation, lightli_sewer_entry_pipes, uniq_sigmund

Skill      XL: |  1  2  3  4  5 |
---------------+----------------+-----
Dodging        | 3 4 5 6 |  6.1
Ranged Weapons | 5 |  5.2
Fighting       | 2 |  2.0
Stealth        | |  1.5

Action                     |  1- 3 |  4- 6 || total
---------------------------+-------+-------++-------
   Fire: Shortbow          |   144 |   112 ||   256
    Use: Scroll            |       |     6 ||     6
         Potion            |       |     3 ||     3
 Armour: Robe              |    18 |     6 ||    24
  Dodge: Dodged            |    43 |    22 ||    65

Table legend:
 A = Non-vault XP
 B = Vault XP
 C = Vault XP percentage of total XP
 D = Non-vault monster count
 E = Vault monster count
 F = Vault count percentage of total count
                 A         B        C        D         E       F
            +---------+---------+-------+---------+---------+-------
      Total |     287 |      21 |   6.8 |      90 |       4 |   4.3
            +---------+---------+-------+---------+---------+-------
        D:1 |      63 |       0 |   0.0 |      36 |       0 |   0.0
        D:2 |      41 |       0 |   0.0 |      25 |       0 |   0.0
        D:3 |      81 |      21 |  20.6 |      19 |       4 |  17.4
        D:4 |     102 |       0 |   0.0 |      10 |       0 |   0.0
            +---------+---------+-------+---------+---------+-------
